 Seeded DCSS version 0.30-a0-170-g85af917532 (webtiles) character file.

Game seed: 10253004028457244877 (custom seed)

55126 Iusername the Fencer (level 14, -13/133 HPs)
             Began as a Minotaur Fighter on Sept 30, 2022.
             Was a Priest of Jiyva.
             Killed from afar by an ancient lich (49 damage)
             ... with a crystal spear
             ... on level 2 of the Abyss.
             The game lasted 00:40:03 (21517 turns).

Iusername the Fencer (Minotaur Fighter)            Turns: 21517, Time: 00:40:03

Health: -13/133    AC: 38    Str: 28    XL:     14   Next: 37%
Magic:  13/13      EV: 16    Int: 11    God:    Jiyva [***...]
Gold:   2249       SH:  8    Dex: 12    Spells: 13/13 levels left

rFire   . . .      SeeInvis +    H - +8 scimitar (vorpal)
rCold   . . .      Faith    +    c - +1 buckler
rNeg    . . .      Spirit   .    y - +10 plate armour of Exclusion {Rampage rPois SInv}
rPois   +          Reflect  .    q - +1 hat
rElec   +          Harm     .    p - +0 cloak
rCorr   +          Rampage  +    Q - +2 pair of gloves "Soun Kui" {Str+4 SInv}
Will    +....                    C - +0 pair of boots
Stlth   ..........               P - amulet of faith
HPRegen 1.44/turn                l - +6 ring of intelligence
MPRegen 0.48/turn                b - +4 ring of evasion

@: no status effects
A: horns 2, retaliatory headbutt, electricity resistance, gelatinous body 3
a: Renounce Religion, Oozemancy


You were on level 2 of the Abyss.
You worshipped Jiyva.
Jiyva was most pleased with you.
You visited 4 branches of the dungeon, and saw 22 of its levels.
You visited the Abyss 1 time.

You collected 2249 gold pieces.

Inventory:

Hand Weapons
 a - a +0 long sword
 F - the +7 whip of the Charming Gods {freeze, rElec rPois Str+3 Stlth-}
   (You found it on level 6 of the Dungeon)

   It freezes those it strikes, dealing additional cold damage.
   It can also slow down cold-blooded creatures.
   Str:       It affects your strength (+3).
   rElec:     It insulates you from electricity.
   rPois:     It protects you from poison.
   Stlth:     It makes you less stealthy.
 H - a +8 vorpal scimitar (weapon)
Missiles
 r - 2 throwing nets
Armour
 c - a +1 buckler (worn)
 p - a +0 cloak (worn)
 q - a +1 hat (worn)
 y - the +10 plate armour of Exclusion (worn) {Rampage rPois SInv}
   (You found it on level 3 of the Dungeon)

   rPois:     It protects you from poison.
   SInv:      It lets you see invisible.
   Rampage:   It bestows one free step when moving towards enemies.
 C - a +0 pair of boots (worn)
 Q - the +2 pair of gloves "Soun Kui" (worn) {Str+4 SInv}
   (You acquired it on level 10 of the Dungeon)

   Str:       It affects your strength (+4).
   SInv:      It lets you see invisible.
Jewellery
 b - a +4 ring of evasion (right hand)
 e - the ring "Toipar" {rN+ Will+++ Str-4 Dex+4}
   (You found it on level 5 of the Lair of Beasts)

   [ring of positive energy]

   Str:       It affects your strength (-4).
   Dex:       It affects your dexterity (+4).
   rN:        It protects you from negative energy.
   Will:      It greatly increases your willpower.
 l - a +6 ring of intelligence (left hand)
 P - an amulet of faith (around neck)
Wands
 n - a wand of flame (35)
 v - a wand of paralysis (5)
 z - a wand of mindburst (15) (quivered)
 D - a wand of acid (26)
 I - a wand of iceblast (8)
Scrolls
 d - 8 scrolls of teleportation
 f - 3 scrolls of noise
 m - 5 scrolls of immolation
 s - a scroll of fear
 u - 5 scrolls of amnesia
 B - a scroll of silence
 J - a scroll of brand weapon
 M - 4 scrolls of identify
 O - a scroll of blinking {unknown}
Potions
 g - 2 potions of ambrosia {unknown}
 h - 3 potions of attraction
 i - 14 potions of curing
 k - 2 potions of heal wounds
 o - a potion of lignification {unknown}
 t - 3 potions of brilliance
 w - 2 potions of berserk rage {unknown}
 x - a potion of mutation {unknown}
 A - 2 potions of cancellation
 E - a potion of magic
 G - a potion of degeneration {unknown}
Miscellaneous
 K - a phial of floods (inert)
 N - a piece from Xom's chessboard (15/15)


   Skills:
 + Level 14.8 Fighting
 + Level 19.2 Long Blades
 + Level 3.4 Maces & Flails
 + Level 15.6 Armour
 + Level 4.0 Dodging
 + Level 1.6 Stealth
 + Level 13.0 Shields
 + Level 3.1 Evocations


You had 13 spell levels left.
You didn't know any spells.
Your spell library contained the following spells:

 Spells                   Type           Power      Damage    Failure   Level
 Foxfire                  Conj/Fire      0%         2x1d4     94%         1
 Blink                    Tloc           0%         N/A       98%         2
 Sublimation of Blood     Necr           0%         N/A       98%         2
 Wereblood                Tmut           0%         N/A       98%         2
 Flame Wave               Conj/Fire      0%         2d4       100%        4
 Manifold Assault         Tloc           0%         N/A       100%        4
 Petrify                  Tmut/Erth      0%         N/A       100%        4
 Fireball                 Conj/Fire      0%         3d3       100%        5
 Metabolic Englaciation   Hex/Ice        0%         N/A       100%        5
 Statue Form              Tmut/Erth      0%         N/A       100%        6
 Storm Form               Tmut/Air       0%         N/A       100%        7
 Summon Hydra             Summ           0%         N/A       100%        7


Dungeon Overview and Level Annotations

Branches:
Dungeon (11/15)            Temple (0/1) D:5            Lair (5/5) D:9
 Shoals (0/4) Lair:2       Spider (0/4) Lair:3        Slime (5/5) Lair:4
    Orc (1/2) D:9

Altars:
Dithmenos
Fedhas
Hepliaklqana
Qazlal
Vehumet
Wu Jian
Jiyva

Shops:
D:4 [   D:6 *

Annotations:
D:4 1 runed translucent door, Dazliare's ghost, amateur TrDe
D:10 3 runed translucent doors, ImAmAmBug's ghost, journeyman NaFE; LnG's ghost, journeyman KoSu; NinjaNoafa's ghost, journeyman PaMo; pigah's ghost, journeyman OpAE; ytrimaz's ghost, journeyman DsGl
D:11 Erolcha
Lair:1 1 runed translucent door, Aky Rat's ghost, novice DsNe
Slime:5 Royal Jelly


Innate Abilities, Weirdness & Mutations

You have a pair of horns on your head.
You reflexively headbutt those who attack you in melee.
You are resistant to electric shocks. (rElec)
Your gelatinous body deflects attacks. (AC +3, EV +3)


Message History

The ancient lich touches you!
The ancient lich touches you but does no damage.
The ancient lich touches you but does no damage.
You turn to flesh and can move again.
You hit the ancient lich but do no damage.
You hit the ancient lich. Your headbutt misses the ancient lich.
The ancient lich is lightly damaged.
The ancient lich points at you and mumbles some strange words.
The bolt of acid hits you!!! You resist.
You hit the ancient lich.
The ancient lich is lightly damaged.
You block the ancient lich's attack.
You slash the ancient lich!
The ancient lich is lightly damaged.
You hit the ancient lich but do no damage.
You headbutt the ancient lich, but do no damage.
The ancient lich is lightly damaged.
The ancient lich touches you but does no damage.
You hit the ancient lich but do no damage.
Your headbutt misses the ancient lich.
The ancient lich is lightly damaged.
The ancient lich touches you but does no damage.
Unknown command.
You slash the ancient lich!
The ancient lich is moderately damaged.
You hit the ancient lich.
The ancient lich is moderately damaged.
The ancient lich touches you but does no damage.
Unknown command.
You slash the ancient lich! You headbutt the ancient lich.
The ancient lich is heavily damaged.
The ancient lich gestures at you while chanting.
The crystal spear hits you!!!
* * * LOW HITPOINT WARNING * * *
Unknown command.
You hit the ancient lich.
The ancient lich is heavily damaged.
The ancient lich points at you and mumbles some strange words.
The crystal spear hits you!!!
You die...

#.## # . #
...# #...# . #
#..# #..#
##.#####..#
#....@L..##
#.........#
#.........#
##........##
#.....#....#
#........#..#
.........#.#.#
# ..#..#....
#..# . .# ..#
....#


You could see an ancient lich (invisible).

Vanquished Creatures
  Harold (D:10)
  A hydra (Lair:5)
  A centaur warrior (D:8)
  4 catoblepae (Lair:5)
  2 two-headed ogres
  22 death yaks
  An orc high priest (Orc:1)
  An orc sorcerer (Orc:1)
  3 manticores
  An ugly thing (D:10)
  Maurice (D:11)
  12 elephants
  4 black mambas (Lair:5)
  7 cane toads
  Maggie (D:8)
  A torpor snail (Lair:3)
  An efreet (D:10)
  5 rime drakes
  A kobold demonologist (D:11)
  9 komodo dragons
  A troll (D:11)
  3 polar bears
  21 blink frogs
  5 dream sheep (Lair:4)
  4 wyverns
  A wraith (D:9)
  58 yaks
  A basilisk (Lair:4)
  2 steam dragons
  A redback (Lair:3)
  Edmund (D:5)
  12 water moccasins
  Duvessa (D:4)
  3 orc warriors
  2 sky beasts
  An ice beast (D:6)
  An ogre (D:6)
  5 black bears
  11 centaurs
  5 wolves (Lair:5)
  2 phantoms (D:5)
  10 bullfrogs
  2 necrophages (D:4)
  6 scorpions
  Blork the orc (D:5)
  4 gnoll sergeants
  11 wights
  Dowan (D:4)
  3 killer bees (D:9)
  5 howler monkeys
  2 electric eels
  A jelly (D:6)
  2 gnoll boudas
  5 orc priests
  Crazy Yiuf (D:5)
  2 hounds
  Jessica (D:3)
  Terence (D:3)
  2 iguanas
  12 orc wizards
  Robin (D:2)
  30 gnolls
  6 adders
  2 ufetubi
  2 dart slugs (D:4)
  35 orcs
  7 ball pythons
  3 bats
  An endoplasm (D:1)
  4 giant cockroaches
  9 goblins
  12 hobgoblins
  7 jackals (D:4)
  9 quokkas
  A frilled lizard (D:3)
  7 kobolds
  4 rats
432 creatures vanquished.

Vanquished Creatures (others)
  A yak (Lair:5)
  A water moccasin (Lair:5)
  20 jellies
  74 fungi
  89 plants
185 creatures vanquished.

Grand Total: 617 creatures vanquished

Notes
Turn   | Place    | Note
-------+----------+-------------------------------------------
     0 | D:1      | Iusername the Minotaur Fighter began the quest for the Orb.
     0 | D:1      | Reached XP level 1. HP: 19/19 MP: 0/0
    66 | D:1      | Reached XP level 2. HP: 27/27 MP: 1/1
   395 | D:1      | You fall into a shaft and drop 1 floor!
   644 | D:2      | Found a faded altar of an unknown god.
   685 | D:2      | Reached XP level 3. HP: 30/33 MP: 2/2
  1140 | D:2      | Reached skill level 3 in Long Blades
  1148 | D:2      | Noticed Robin
  1152 | D:2      | Killed Robin
  1153 | D:2      | Reached XP level 4. HP: 35/40 MP: 3/3
  2186 | D:3      | Noticed Jessica
  2190 | D:3      | Killed Jessica
  2339 | D:3      | Noticed Terence
  2352 | D:3      | Killed Terence
  2353 | D:3      | Reached skill level 4 in Long Blades
  2353 | D:3      | Reached XP level 5. HP: 20/47 MP: 4/4
  2783 | D:3      | Identified the +10 plate armour of Exclusion {Rampage rPois
                  | SInv}
  2970 | D:4      | Found a runed translucent door.
  2970 | D:4      | Noticed Dazliare's ghost (amateur TrDe)
  3007 | D:4      | Reached skill level 5 in Long Blades
  3007 | D:4      | Reached skill level 5 in Armour
  3007 | D:4      | Reached XP level 6. HP: 31/53 MP: 5/5
  3045 | D:4      | Reached skill level 1 in Dodging
  3909 | D:4      | Noticed Dowan
  3912 | D:4      | Noticed Duvessa
  3922 | D:4      | Killed Dowan
  3923 | D:4      | Reached skill level 6 in Long Blades
  3928 | D:4      | Killed Duvessa
  3929 | D:4      | Reached XP level 7. HP: 38/60 MP: 6/6
  4444 | D:4      | Reached skill level 7 in Long Blades
  4444 | D:4      | Reached skill level 5 in Shields
  4574 | D:4      | Reached skill level 5 in Fighting
  4607 | D:4      | Found Izosmiesch's Armour Emporium.
  5032 | D:5      | Entered Level 5 of the Dungeon
  5035 | D:5      | Noticed Blork the orc
  5057 | D:5      | Killed Blork the orc
  5401 | D:5      | Reached XP level 8. HP: 62/68 MP: 7/7
  5695 | D:5      | Noticed Edmund
  5702 | D:5      | Reached skill level 8 in Long Blades
  5718 | D:5      | Killed Edmund
  5918 | D:5      | Found an ornate altar of the Wu Jian Council.
  5921 | D:5      | Found a hazy altar of Hepliaklqana.
  5924 | D:5      | Found a radiant altar of Vehumet.
  5927 | D:5      | Found a stormy altar of Qazlal.
  5975 | D:5      | Found a runed translucent door.
  5976 | D:5      | Noticed Crazy Yiuf
  6366 | D:5      | Found a staircase to the Ecumenical Temple.
  6622 | D:5      | Killed Crazy Yiuf
  6862 | D:6      | Reached skill level 9 in Long Blades
  7140 | D:6      | Noticed a two-headed ogre
  7147 | D:6      | Reached XP level 9. HP: 74/78 MP: 8/8
  7165 | D:6      | Killed a two-headed ogre
  7166 | D:6      | Reached skill level 10 in Long Blades
  7183 | D:6      | Reached skill level 1 in Evocations
  7521 | D:6      | Identified the +7 whip of the Charming Gods {freeze, rElec
                  | rPois Str+3 Stlth-}
  7557 | D:6      | Reached skill level 11 in Long Blades
  7976 | D:6      | Found Inaj's General Store.
  8307 | D:7      | Reached skill level 1 in Maces & Flails
  8658 | D:7      | Reached XP level 10. HP: 82/88 MP: 9/9
  8769 | D:8      | Reached skill level 1 in Stealth
  8779 | D:8      | Noticed Maggie
  8800 | D:8      | Killed Maggie
  8909 | D:8      | Noticed a centaur warrior
  8916 | D:8      | Killed a centaur warrior
  8920 | D:8      | Reached skill level 12 in Long Blades
  9405 | D:9      | Found a staircase to the Lair.
  9461 | D:9      | Reached skill level 13 in Long Blades
  9511 | D:9      | Found a staircase to the Orcish Mines.
  9535 | D:9      | Reached skill level 14 in Long Blades
  9655 | D:9      | Noticed a two-headed ogre
  9672 | D:9      | Killed a two-headed ogre
  9801 | D:9      | Reached XP level 11. HP: 93/95 MP: 10/10
  9998 | D:9      | Identified the +3 flail of Purpose {flame, Int+2}
 10142 | Lair:1   | Entered Level 1 of the Lair of Beasts
 10270 | Lair:1   | Reached skill level 10 in Armour
 10928 | Lair:1   | Found a runed translucent door.
 10933 | Lair:1   | Noticed Aky Rat's ghost (novice DsNe)
 11263 | Lair:1   | Reached skill level 15 in Long Blades
 11748 | Lair:2   | Reached skill level 10 in Fighting
 12268 | Lair:2   | Found a staircase to the Shoals.
 12283 | Lair:2   | Reached skill level 10 in Shields
 13401 | Lair:3   | Found a shadowy altar of Dithmenos.
 13414 | Lair:3   | Reached XP level 12. HP: 104/108 MP: 11/11
 13556 | Lair:3   | Reached skill level 16 in Long Blades
 13672 | Lair:3   | Found a hole to the Spider Nest.
 14254 | Lair:4   | Noticed a death yak
 14254 | Lair:4   | Noticed a death yak
 14254 | Lair:4   | Noticed a death yak
 14255 | Lair:4   | Noticed a death yak
 14256 | Lair:4   | Noticed a death yak
 14256 | Lair:4   | Noticed a death yak
 14266 | Lair:4   | Killed a death yak
 14272 | Lair:4   | Killed a death yak
 14275 | Lair:4   | Killed a death yak
 14277 | Lair:4   | Killed a death yak
 14281 | Lair:4   | Killed a death yak
 14286 | Lair:4   | Killed a death yak
 14442 | Lair:4   | Reached skill level 17 in Long Blades
 14573 | Lair:4   | Noticed a death yak
 14574 | Lair:4   | Noticed a death yak
 14574 | Lair:4   | Noticed a death yak
 14574 | Lair:4   | Noticed a death yak
 14574 | Lair:4   | Noticed a death yak
 14575 | Lair:4   | Noticed a death yak
 14587 | Lair:4   | Killed a death yak
 14595 | Lair:4   | Killed a death yak
 14596 | Lair:4   | Killed a death yak
 14598 | Lair:4   | Killed a death yak
 14600 | Lair:4   | Killed a death yak
 14601 | Lair:4   | Killed a death yak
 14602 | Lair:4   | Reached XP level 13. HP: 85/119 MP: 12/12
 14766 | Lair:4   | Reached skill level 18 in Long Blades
 15256 | Lair:4   | Found a viscous altar of Jiyva.
 15256 | Lair:4   | Found a staircase to the Slime Pits.
 15263 | Lair:4   | Became a worshipper of Jiyva Joomm the Shapeless
 15267 | Slime:1  | Entered Level 1 of the Pits of Slime
 15267 | Slime:1  | Noticed an acid blob
 15361 | Slime:1  | Noticed a quicksilver ooze
 15540 | Slime:2  | Noticed an acid blob
 15551 | Slime:2  | Noticed an azure jelly
 15716 | Slime:3  | Noticed a quicksilver ooze
 15716 | Slime:3  | Noticed an azure jelly
 15776 | Slime:3  | Noticed an acid blob
 15816 | Slime:3  | Noticed a quicksilver ooze
 15892 | Slime:3  | Noticed an acid blob
 15900 | Slime:3  | Noticed a rockslime
 16071 | Slime:2  | Noticed an acid blob
 16072 | Slime:2  | Noticed a rockslime
 16090 | Slime:2  | Noticed an azure jelly
 16172 | Slime:4  | Noticed an acid blob
 16175 | Slime:4  | Noticed an acid blob
 16176 | Slime:4  | Noticed a rockslime
 16190 | Slime:4  | Noticed a rockslime
 16461 | Slime:5  | Entered Level 5 of the Pits of Slime
 16471 | Slime:5  | Noticed a rockslime
 16476 | Slime:5  | Noticed a rockslime
 16481 | Slime:5  | Noticed an acid blob
 16484 | Slime:5  | Noticed the Royal Jelly
 16491 | Slime:5  | Noticed an acid blob
 16496 | Slime:5  | Noticed a quicksilver ooze
 16497 | Slime:5  | Noticed a rockslime
 16522 | Slime:5  | Noticed an acid blob
 16535 | Slime:5  | Noticed an acid blob
 16540 | Slime:5  | Noticed an acid blob
 16564 | Slime:5  | Noticed an acid blob
 16587 | Slime:5  | Noticed a rockslime
 16589 | Slime:5  | Noticed an azure jelly
 16596 | Slime:5  | Noticed an acid blob
 16620 | Slime:5  | Noticed a rockslime
 16642 | Slime:5  | Found a viscous altar of Jiyva.
 16691 | Slime:5  | Noticed an acid blob
 16803 | Slime:1  | Noticed an acid blob
 16820 | Slime:1  | Noticed a quicksilver ooze
 17420 | Lair:5   | Entered Level 5 of the Lair of Beasts
 19095 | Lair:5   | Got Zajudau's Incunable of Arcane Weapons
 19223 | Lair:5   | Reached * piety under Jiyva
 19551 | Lair:5   | Reached XP level 14. HP: 113/133 MP: 13/13
 19603 | Lair:5   | Reached skill level 15 in Armour
 19703 | Lair:5   | Reached skill level 19 in Long Blades
 19824 | Lair:5   | Identified the ring "Toipar" {rN+ Will+++ Str-4 Dex+4}
 20365 | Orc:1    | Entered Level 1 of the Orcish Mines
 20412 | Orc:1    | Paralysed by an orc sorcerer for 4 turns
 20566 | D:10     | Entered Level 10 of the Dungeon
 20650 | D:10     | Reached ** piety under Jiyva
 20716 | D:10     | Found a blossoming altar of Fedhas.
 20807 | D:10     | Noticed Harold
 20822 | D:10     | Killed Harold
 20917 | D:10     | Found a runed translucent gate.
 20917 | D:10     | Found a runed translucent gate.
 20917 | D:10     | Found a runed translucent gate.
 20955 | D:10     | Noticed ImAmAmBug's ghost (journeyman NaFE)
 20955 | D:10     | Noticed pigah's ghost (journeyman OpAE)
 20956 | D:10     | Noticed ytrimaz's ghost (journeyman DsGl)
 20956 | D:10     | Noticed NinjaNoafa's ghost (journeyman PaMo)
 20956 | D:10     | Noticed LnG's ghost (journeyman KoSu)
 20958 | D:10     | Reached *** piety under Jiyva
 20958 | D:10     | Gained mutation: You are resistant to electric shocks.
                  | (rElec) [Jiyva's grace]
 20958 | D:10     | Gained mutation: Your rubbery body absorbs attacks. (AC +1,
                  | EV +1) [Jiyva's grace]
 20958 | D:10     | Gained mutation: Your pliable body absorbs attacks. (AC +2,
                  | EV +2) [Jiyva's grace]
 20958 | D:10     | Gained mutation: Your gelatinous body deflects attacks. (AC
                  | +3, EV +3) [Jiyva's grace]
 21199 | D:10     | Identified 3 scrolls of acquirement
 21199 | D:10     | Acquired the +2 pair of gloves "Soun Kui" {Str+4 SInv}
 21201 | D:10     | Acquired 1043 gold pieces
 21203 | D:10     | Acquired an amulet of faith
 21325 | D:11     | Noticed Maurice
 21334 | D:11     | Killed Maurice
 21447 | D:11     | Noticed Erolcha
 21458 | Abyss:2  | Cast into level 2 of the Abyss (Erolcha)
 21489 | Abyss:2  | Noticed an ancient lich
 21517 | Abyss:2  | Killed from afar by an ancient lich

Illustrated notes

Levels and vault maps discovered:
D:1:      ncdulo_smallfort, layout_basic, minmay_misc_feat_room,
          kennysheep_another_room, minivault_26
D:2:      layout_loops_cross, hellmonk_ecumenical_altar_zigzags,
          nrook_loot_triangle, uniq_robin
D:3:      layout_loops_ring, uniq_jessica, uniq_terence
D:4:      black_bear_nest_2, layout_basic, serial_shops, shop,
          hellmonk_ghost_happy_afterlife, uniq_duvessa
D:5:      layout_layer_cave, grunt_temple_overflow_cloverleaf,
          minmay_temple_entry_antechambers, serial_glass, glass_columns_a,
          glass_columns_b, uniq_crazy_yiuf_cottage, uniq_edmund,
          uniq_blork_the_orc
D:6:      layout_loops_corners, serial_shops, shop, nrook_uturn,
          minmay_chambers_of_fives
D:7:      layout_cave_pools, minmay_manual_mares
D:8:      layout_cave_pools, serial_glass, glass_columns_b, glass_columns_c,
          lemuel_flame_loot_1, uniq_maggie
D:9:      layout_big_octagon, due_lair_maze_entry_diamond, orc_0_dummy
D:10:     layout_cave_pools, mainiacjoe_overflow_tiny_flanked, serial_rivers,
          chequers_serial_rivers_marsh, chequers_serial_rivers_micro_a,
          chequers_serial_rivers_large_a, chequers_serial_rivers_micro_d,
          chequers_serial_rivers_small_b, chequers_serial_rivers_micro_c,
          gammafunk_ghost_cemetery, uniq_harold
D:11:     layout_rooms, uniq_erolcha, uniq_maurice
Lair:1:   layout_gridlike, ebering_ghost_inner_flame, grunt_megastairs_3
Lair:2:   layout_layer_cave, minmay_shoals_entry_centaurs, serial_bayou_shore_a,
          grunt_megastairs_1
Lair:3:   layout_cave_shapes, spider_nest_entry_rubble, basic_altar
Lair:4:   layout_roguey, dpeg_slime_entry_enclosed, lemuel_fruit_fields
Lair:5:   evilmike_catoblepas_cave, layout_regular_city
Slime:1:  layout_caves
Slime:2:  layout_caves
Slime:3:  layout_caves
Slime:4:  layout_caves
Slime:5
Orc:1:    layout_caves, gammafunk_ghost_split, serial_shops, shop,
          kennysheep_orc_chapel
Abyss:2:  base:
Spider:3

Skill      XL: |  1  2  3  4  5  6  7  8  9 10 11 12 13 14 |
---------------+-------------------------------------------+-----
Fighting       | 4 5 6 7 8 10 12 14 | 14.8
Shields        | 4 5 6 8 10 11 12 13 | 13.0
Armour         | 4 5 6 7 9 11 13 14 15 | 15.6
Long Blades    | 3 4 5 6 7 9 11 14 15 17 18 19 | 19.2
Dodging        | 1 2 3 4 |  4.0
Evocations     | 2 3 |  3.1
Maces & Flails | 1 3 |  3.4
Stealth        | 1 |  1.6

Action                   |  1- 3 |  4- 6 |  7- 9 | 10-12 | 13-15 || total
-------------------------+-------+-------+-------+-------+-------++-------
Melee: Long sword        |    93 |   116 |   247 |       |       ||   456
       Headbutt          |    24 |    20 |    71 |   119 |   134 ||   368
       Whip              |       |       |    38 |     6 |       ||    44
       Scimitar          |       |       |       |   536 |   506 ||  1042
Evoke: Wand              |       |       |     7 |     3 |       ||    10
       Phial of floods   |       |       |       |       |     1 ||     1
       Piece from Xom's  |       |       |       |       |     1 ||     1
  Use: Potion            |       |     1 |       |     2 |     3 ||     6
       Scroll            |       |       |    12 |     9 |     8 ||    29
Armor: Scale mail        |    39 |    16 |       |       |       ||    55
       Plate armour      |       |    63 |   167 |   338 |   279 ||   847
Dodge: Dodged            |    32 |    35 |   155 |   338 |   244 ||   804
Block: Buckler           |    22 |    19 |    69 |   197 |   161 ||   468

Table legend: (Time is in decaauts)
 A = Elapsed time spent in this place.
 B = Non-inter-level travel time spent in this place.
 C = Inter-level travel time spent in this place.
 D = Time resting spent in this place.
 E = Time spent auto-exploring this place.
 F = Levels seen in this place.
 G = Mean time per level.
                   A        B        C        D        E       F      G
               +--------+--------+--------+--------+--------+-----+--------+
         Total |  21268 |  20730 |    538 |   3857 |  13514 |  23 |  924.7 |
       Dungeon |  11136 |  10762 |    374 |   1815 |   7181 |  11 | 1012.4 |
          Lair |   8164 |   8119 |     45 |   2042 |   4814 |   5 | 1632.8 |
    Slime Pits |   1731 |   1625 |    106 |      0 |   1414 |   5 |  346.2 |
  Orcish Mines |    179 |    166 |     13 |      0 |    105 |   1 |  179.0 |
         Abyss |     57 |     57 |      0 |      0 |      0 |   1 |   57.0 |
               +--------+--------+--------+--------+--------+-----+--------+

Top non-repeatable levels by time:
  Lair:5: 2506 daAuts
  Lair:1: 2181 daAuts
     D:4: 2097 daAuts
     D:5: 1876 daAuts
  Lair:4: 1393 daAuts
     D:6: 1298 daAuts
  Lair:2: 1251 daAuts
     D:1: 1038 daAuts
     D:2: 987 daAuts
     D:3: 964 daAuts
  Lair:3: 832 daAuts
     D:9: 806 daAuts
    D:10: 690 daAuts
     D:8: 648 daAuts
     D:7: 536 daAuts
